 Dungeon Crawl Stone Soup version 0.28.0 (webtiles) character file.

Game seed: 6751416989665375265

109 Kaptain the Digger (level 4, -3/37 HPs)
             Began as a Gargoyle Earth Elementalist on Feb 11, 2022.
             Slain by a river rat (6 damage)
             ... in a sewer.
             The game lasted 00:11:52 (3444 turns).

Kaptain the Digger (Gargoyle Earth Elementalist)    Turns: 3444, Time: 00:11:53

Health: -3/37      AC: 22    Str: 12    XL:     4   Next: 89%
Magic:  1/8        EV: -1    Int: 17    God:
Gold:   234        SH:  0    Dex: 10    Spells: 4/8 levels left

rFire   . . .      SeeInvis .   o - +0 rapier
rCold   . . .      Faith    .   (no shield)
rNeg    + . .      Spirit   .   (armour currently unavailable)
rPois   ∞          Reflect  .   (helmet currently unavailable)
rElec   .          Harm     .   (cloak currently unavailable)
rCorr   .          Rampage  .   (gloves currently unavailable)
Will    .....      NoTele   +   (boots currently unavailable)
Stlth   ++........              (no amulet)
HPRegen 0.12/turn               (no ring)
MPRegen 0.11/turn               (no ring)

@: tree-form (expiring), very slightly contaminated, constricted
A: stationary, stasis, torment immunity, boosted hp, sickness immunity, AC +3,
negative energy resistance 1, (electricity resistance), torment resistance 1,
petrification resistance
a: no special abilities


You were in a sewer.
You were a tree.
You visited 1 branch of the dungeon, and saw 3 of its levels.
You also visited: Sewer.

You collected 234 gold pieces.

Inventory:

Hand Weapons
 f - a +0 broad axe
 j - a +0 scimitar
 o - a +0 rapier (weapon)
Missiles
 a - a throwing net
 k - 4 poisoned darts
Armour
 b - a +0 robe (melded)
 e - a +1 pair of boots (melded)
 m - a +1 pair of gloves (melded)
Jewellery
 c - a +4 ring of protection
 g - a ring of resist corrosion
Scrolls
 h - a scroll of teleportation
 n - a scroll of holy word {unknown}
Potions
 i - a potion of brilliance


   Skills:
 + Level 1.3 Fighting
 + Level 1.2 Armour
 + Level 1.9 Dodging
 + Level 2.8 Stealth
 * Level 2.7 Spellcasting
 * Level 1.2 Conjurations
 - Level 0.7 Transmutations
 * Level 4.4 Earth Magic


You had 4 spell levels left.
You knew the following spells:

 Your Spells              Type           Power      Damage    Failure   Level
a - Sandblast             Erth           34%        2d9       3%          1
b - Stone Arrow           Conj/Erth      24%        3d8       17%         3

Your spell library contained the following spells:

 Spells                   Type           Power      Damage    Failure   Level
 Passwall                 Tmut/Erth      9%         N/A       10%         2
 Petrify                  Tmut/Erth      11%        N/A       52%         4


Dungeon Overview and Level Annotations

Branches:
Dungeon (3/15)              Sewer (1/1)

Altars:

Shops:
D:3 *


Innate Abilities, Weirdness & Mutations

You are a tree.
Your roots penetrate the ground, keeping you stationary.
You cannot be teleported.
You are immune to unholy pain and torment.
Your maximum health is greatly increased.
Your equipment is partially melded.
You are immune to sickness and miasma.
((Your stone body is resilient. (AC +3)))
You are immune to poison.
You resist negative energy. (rN+)
((You are resistant to electric shocks. (rElec)))
You are resistant to unholy torment.
You are immune to petrification.


Message History

The ball python barely misses you. The ball python constricts you.
The river rat closely misses you.
It was a potion of lignification.
You turn into a tree.
Your +1 pair of gloves melds into your body.
Your +1 pair of boots melds into your body.
Your +0 robe melds into your body.
Your roots penetrate the ground.
The ball python bites you but does no damage.
The ball python constricts you.
The river rat bites you but does no damage.
You closely miss the river rat.
The river rat is moderately wounded.
The ball python bites you but does no damage.
The ball python constricts you.
The river rat bites you but does no damage.
The ball python bites you but does no damage.
The ball python constricts you.
You closely miss the river rat.
The river rat is moderately wounded.
The river rat bites you but does no damage.
The ball python bites you but does no damage.
The ball python constricts you.
Unknown command.
You barely miss the river rat.
The river rat is moderately wounded.
The ball python bites you but does no damage.
The ball python constricts you.
The river rat bites you but does no damage.
Unknown command.
You hit the river rat.
The river rat is almost dead.
The ball python bites you but does no damage.
The ball python constricts you.
The river rat bites you but does no damage.
The ball python bites you but does no damage.
The ball python constricts you.
You hit the river rat but do no damage.
The river rat is severely wounded.
Your transformation is almost over.
The river rat bites you.
You die...

≈≈≈################≈≈≈
≈≈≈≈≈≈≈≈≈.≈≈.≈≈≈.≈≈≈≈≈
≈≈≈≈≈≈≈≈≈≈≈≈≈≈≈≈≈≈≈≈≈≈
≈≈≈≈≈≈≈≈≈≈†.≈≈≈≈≈≈≈≈≈≈
≈≈≈##≈≈≈###≈#≈≈≈###≈≈
#≈≈≈# ###≈≈≈# #≈≈≈#
#.≈≈# #≈≈≈# ##rS##
#≈≈≈# #♣..# #≈≈≈#
#..## #≈≈≈# ##..##
#.≈≈# #....## #≈...
##.....# ≈≈...
#......# #.≈...?
#∩.....# #?...?#
##....## ##..?##
#∩..##


You could see a river rat and a ball python.

Vanquished Creatures
  4 adders
  An ufetubus (D:3)
  A worm (D:3)
  6 bats
  4 endoplasms
  5 giant cockroaches
  2 goblins
  5 hobgoblins
  7 jackals (D:1)
  4 quokkas
  8 ball pythons
  6 frilled lizards
  3 kobolds
  6 rats
62 creatures vanquished.

Vanquished Creatures (others)
  4 toadstools (D:1)
4 creatures vanquished.

Grand Total: 66 creatures vanquished

Notes
Turn   | Place    | Note
-------+----------+-------------------------------------------
     0 | D:1      | Kaptain the Gargoyle Earth Elementalist began the quest for
                  | the Orb.
     0 | D:1      | Reached XP level 1. HP: 10/10 MP: 3/3
   251 | D:1      | Reached XP level 2. HP: 15/15 MP: 3/5
   494 | D:1      | Found a faded altar of an unknown god.
  1054 | D:1      | Reached skill level 4 in Earth Magic
  1054 | D:1      | Reached XP level 3. HP: 11/20 MP: 4/6
  1220 | D:1      | Reached skill level 1 in Fighting
  1611 | D:2      | Learned a level 3 spell: Stone Arrow
  2189 | D:2      | Reached skill level 1 in Armour
  2555 | D:2      | Reached XP level 4. HP: 25/25 MP: 7/7
  3053 | D:3      | Reached skill level 1 in Conjurations
  3067 | D:3      | Found Aguoxafi's Assorted Antiques.
  3089 | D:3      | Found a glowing drain.
  3120 | Sewer    | Entered a sewer
  3438 | Sewer    | HP: 1/25 [something (8)]
  3444 | Sewer    | Slain by a river rat

Illustrated notes

Levels and vault maps discovered:
D:1:      moated_graveyard_arrival, layout_basic, shapermc_ecumenical_altar_gd,
          minmay_gold_behind_fungi, moated_statue, minmay_split_cup_small
D:2:      layout_basic
D:3:      kennysheep_goblin_castle, layout_loops_ring, serial_shops, shop,
          portal_sewer_entry_a
Sewer:    sewer_fruit_machine

Skill      XL: |  1  2  3  4 |
---------------+-------------+-----
Earth Magic    | 4 |  4.4
Fighting       | 1 |  1.3
Armour         | 1 |  1.2
Conjurations   | 1 |  1.2
Dodging        | |  1.9
Stealth        | |  2.8
Spellcasting   | |  2.7
Transmutations | |  0.7

Action                   |  1- 3 |  4- 6 || total
-------------------------+-------+-------++-------
Melee: Unarmed           |     4 |       ||     4
       Dagger            |     9 |       ||     9
       Short sword       |    35 |       ||    35
       Rapier            |     7 |    75 ||    82
       Punch             |       |     2 ||     2
 Cast: Sandblast         |    49 |       ||    49
       Stone Arrow       |     2 |     8 ||    10
  Use: Scroll            |     2 |     3 ||     5
       Potion            |       |     3 ||     3
 Stab: Sleeping          |     1 |     1 ||     2
Armor: Robe              |    35 |    60 ||    95
       Skin              |       |    12 ||    12
Dodge: Dodged            |    65 |    83 ||   148
